 Seeded DCSS version 0.29.1-1-gd02db6906a (webtiles) character file.

Game seed: 9708579739092153053 (custom seed)

56 GigaChad the Magician (level 3, 0/19 HPs)
             Began as a Deep Elf Conjurer on Sept 14, 2022.
             Slain by an orc priest
             ... wielding a +2 whip of freezing
              (2 damage)
             ... on level 3 of the Dungeon on Sept 15, 2022.
             The game lasted 00:04:13 (1982 turns).

GigaChad the Magician (Deep Elf Conjurer)           Turns: 1982, Time: 00:04:14

Health: 0/19       AC:  6    Str:  4    XL:     3   Next: 69%
Magic:  8/11       EV: 12    Int: 26    God:
Gold:   75         SH:  0    Dex: 13    Spells: 11/12 levels left

rFire   + . .      SeeInvis .   j - staff of conjuration
rCold   . . .      Faith    .   (no shield)
rNeg    . . .      Spirit   .   a - +0 robe
rPois   .          Reflect  .   (no helmet)
rElec   .          Harm     .   (no cloak)
rCorr   +          Rampage  .   (no gloves)
Will    .....                   (no boots)
Stlth   ++........              (no amulet)
HPRegen 0.06/turn               k - ring "Belujah" {rF+ rCorr Int+2}
MPRegen 0.12/turn               l - +4 ring of protection

@: no status effects
A: no striking features
a: no special abilities


You were on level 3 of the Dungeon.
You visited 1 branch of the dungeon, and saw 3 of its levels.

You collected 75 gold pieces.

Inventory:

Hand Weapons
 i - the +7 mace of the Maze {spect, rPois Will+ Str+2}
   (You found it on level 2 of the Dungeon)

   When its wielder attacks, the weapon's spirit leaps out and strikes again.
   The spirit shares a part of any damage it takes with its wielder.
   Str:       It affects your strength (+2).
   rPois:     It protects you from poison.
   Will:      It increases your willpower.
Armour
 a - a +0 robe (worn)
Magical Staves
 j - a staff of conjuration (weapon)
Jewellery
 k - the ring "Belujah" (left hand) {rF+ rCorr Int+2}
   (You acquired it on level 3 of the Dungeon)

   [ring of protection from fire]

   Int:       It affects your intelligence (+2).
   rF:        It protects you from fire.
   rCorr:     It protects you from acid and corrosion.
 l - a +4 ring of protection (right hand)
Wands
 m - a wand of flame (4)
Scrolls
 c - a scroll of blinking {unknown}
 d - a scroll of teleportation {unknown}
 e - a scroll of butterflies {unknown}
 f - 4 scrolls of identify {unknown}
 h - a scroll of noise {unknown}
 o - a scroll of fear {unknown}
Potions
 b - a potion of magic
 g - a potion of brilliance {unknown}
 n - a potion of haste {unknown}


   Skills:
 - Level 2.4 Dodging
 - Level 2.4 Stealth
 - Level 5.0 Spellcasting
 + Level 4.9 Conjurations


You had 11 spell levels left.
You knew the following spells:

 Your Spells              Type           Power      Damage    Failure   Level
a - Magic Dart            Conj           100%       1d8       1%          1

Your spell library contained the following spells:

 Spells                   Type           Power      Damage    Failure   Level
 Searing Ray              Conj           96%        2d7       1%          2
 Necrotise                Necr           24%        1d5       8%          1
 Dazzling Flash           Conj/Hex       58%        N/A       9%          3
 Vampiric Draining        Necr           6%         2d6       22%         3
 Fulminant Prism          Conj/Hex       14%        3d9       28%         4
 Iskenderun's Mystic Bla  Conj/Tloc      29%        2d7       28%         4
 Agony                    Necr           6%         N/A       91%         5


Dungeon Overview and Level Annotations

Branches:
Dungeon (3/15)

Altars:


Message History

A hobgoblin comes into view.
You feel a surge of power!
The magic dart hits the hobgoblin.
The hobgoblin is heavily wounded.
The hobgoblin shouts!
You feel a surge of power!
The magic dart hits the hobgoblin.
You kill the hobgoblin!
Found a stone staircase leading down.
You see here 5 boomerangs.
You now have 75 gold pieces (gained 10).
There is a stone staircase leading down here.
A sourceless malevolence fills the Dungeon... and a teleportation trap spontaneously manifests!
You are yanked towards some nearby monsters!
Your surroundings suddenly seem different.
An orc priest and 3 orcs come into view.
An orc is wielding a +1 vorpal falchion.
The orc priest is wielding a +2 whip of freezing.
Found a scroll labelled VAUGUBE COOBIPS.
Found a stone staircase leading down.
You feel a surge of power!
The magic dart hits the orc priest.
The orc priest is lightly wounded.
The orc shouts! x2
The orc priest hits you with a +2 whip of freezing.
The orc priest freezes you.
You feel a surge of power!
The magic dart hits the orc priest!
The orc priest is severely wounded.
The orc misses you.
You feel a surge of power!
The magic dart hits the orc priest.
The orc priest is severely wounded.
The orc priest barely misses you. The orc hits you with a +0 hand axe.
The orc closely misses you.
You are too injured to fight recklessly!
You are too injured to fight recklessly!
You are too injured to fight recklessly!
You are too injured to fight recklessly!
You are too injured to fight recklessly!
You hit the orc.
The orc is lightly wounded.
The orc priest hits you with a +2 whip of freezing!
* * * LOW HITPOINT WARNING * * *
The orc priest freezes you.
You die...

######### #### .........
.... .#######.#
####..#####.... ##.#
.....oo@....#..######...
.#.#.#oo..........†.....
#.###............... ##
?####.#####.### # #.#
#.# #(# # #.# # #.# #


You could see an orc priest and 3 orcs.

Vanquished Creatures
  An adder (D:3)
  2 worms
  An orc (D:3)
  2 ball pythons
  2 bats
  2 giant cockroaches (D:1)
  8 goblins
  4 hobgoblins
  8 jackals
  2 frilled lizards
  2 kobolds (D:3)
  A rat (D:1)
35 creatures vanquished.

Notes
Turn   | Place    | Note
-------+----------+-------------------------------------------
     0 | D:1      | GigaChad the Deep Elf Conjurer began the quest for the Orb.
     0 | D:1      | Reached XP level 1. HP: 10/10 MP: 6/6
     0 | D:1      | Upgraded the game from 0.29.1 to 0.29.1-1-gd02db6906a
   443 | D:1      | Reached XP level 2. HP: 15/15 MP: 6/8
   463 | D:1      | Found a faded altar of an unknown god.
   591 | D:1      | Reached skill level 4 in Spellcasting
  1029 | D:2      | Identified the +7 mace of the Maze {spect, rPois Will+
                  | Str+2}
  1290 | D:2      | Reached XP level 3. HP: 19/19 MP: 8/11
  1501 | D:2      | Reached skill level 5 in Spellcasting
  1568 | D:3      | Identified 3 scrolls of acquirement
  1568 | D:3      | Acquired the ring "Belujah" {rF+ rCorr Int+2}
  1571 | D:3      | Acquired a +4 ring of protection
  1574 | D:3      | Acquired a staff of conjuration
  1982 | D:3      | Slain by an orc priest

Illustrated notes

Levels and vault maps discovered:
D:1:      matt_arrival_spirals, layout_loops_ring,
          chequers_ecumenical_altar_island, chequers_serial_rivers_room_b,
          minmay_misc_feat_nine_boxes
D:2:      layout_basic, chequers_serial_rivers_small_3
D:3:      layout_loops_ring

Skill      XL: |  1  2  3 |
---------------+----------+-----
Spellcasting   | 4 5 |  5.0
Dodging        | |  2.4
Stealth        | |  2.4
Conjurations   | |  4.9

Action                   || total
-------------------------++-------
Melee: Mace              ||     2
       Staff             ||     1
 Cast: Magic Dart        ||    78
  Use: Scroll            ||     3
Dodge: Dodged            ||    13
